cohdb
Replays
Latest Replays
All Replays
Popular Replays
Top Player Replays
Match Explorer
How It Works
Community
CoH3 Stats
Reddit
Sign in to upload your games and track your stats! →
Sign in with Steam
Match 44010604
Unlisted
Match 44010604
Overview
Messages
Build Orders
End
Vickers Machine Gun Team
Construct Section Command Post
Infantry Section
Dingo Light Scout Car
Infantry Section
Infantry Section
Selects Canadian Shock Battlegroup
Selects Offensive Resupply
Selects Incendiary Munitions
Selects Canadian Shock Section
Construct Platoon Command Post
Humber Armored Car
Construct Field Infirmary
Grenade Package
Selects Pyrotechnics
6-pounder Anti-tank Gun Team
Canadian Shock Section
Infantry Training
Vickers Machine Gun Team
Vickers Machine Gun Team
Infantry Section
Selects Churchill Crocodile Heavy Tank
Churchill Crocodile Heavy Tank
Infantry Section
Royal Engineer Section
Royal Engineer Section
Selects Smoke Operation
patito
Hannibal
Thomas Shelby
General Winter
Cmplord
Crashing this Game
Samar
MrGlaucus
0
0
Comments
sign in to comment!
No comments posted yet!